 Dungeon Crawl Stone Soup version 0.19-a0-1002-g674d22e (webtiles) character file.

282 4thArraOfDagon the Bolt Thrower (level 6, 22/43 HPs)
             Began as a Mummy Arcane Marksman on July 18, 2016.
             Quit the game on level 7 of the Dungeon.
             The game lasted 00:05:04 (988 turns).

4thArraOfDagon the Bolt Thrower (MuAM)               Turns: 988, Time: 00:05:04

Health: 22/43      AC:  6    Str: 14    XL:     6   Next: 6%
Magic:  7/7        EV: 10    Int: 14    God:
Gold:   83         SH:  0    Dex: 12    Spells: 1 memorised, 6 levels left

rFire  x . .     SeeInvis .     h - -1 morningstar (curse)
rCold  + . .     Gourm    .     f - +1 ring mail
rNeg   + + +     Faith    .     (no shield)
rPois  ∞         Spirit   .     (no helmet)
rElec  .         Dismiss  .     (no cloak)
rCorr  .         Reflect  .     (no gloves)
SustAt .         Harm     .     (no boots)
MR     .....                    (no amulet)
Stlth  +.........               (no ring)
                                g - ring of positive energy

@: not resistant to hostile enchantments, very unstealthy
A: no food or potions, fire vulnerability, cold resistance 1, negative energy
resistance 3, torment resistance, unbreathing
a: no special abilities


You were on level 7 of the Dungeon.
You were not hungry.

You visited 1 branch of the dungeon, and saw 7 of its levels.

You collected 83 gold pieces.

Inventory:

Hand Weapons
 a - a +0 hand crossbow
 h - a cursed -1 morningstar (weapon)
Missiles
 d - 31 bolts
Armour
 e - a +0 robe
 f - a +1 ring mail (worn)
Jewellery
 g - a ring of positive energy (left hand)
Scrolls
 b - a scroll of fog
Books
 c - a book of Debilitation

   Spells                             Type                      Level
   a - Corona                         Hexes                        1
   b - Slow                           Hexes                        2
   c - Gell's Gravitas                Hexes/Translocation          3
   d - Inner Flame                    Hexes/Fire                   3
   e - Cause Fear                     Hexes                        4
   f - Leda's Liquefaction            Hexes/Earth                  4


   Skills:
 - Level 1.0 Fighting
 * Level 0.1 Maces & Flails
 - Level 5.3 Crossbows
 - Level 1.5 Dodging
 - Level 1.0 Spellcasting
 - Level 2.6 Hexes


You had 6 spell levels left.
You knew the following spells:

 Your Spells              Type           Power        Failure   Level  Hunger
a - Corona                Hex            #......      21%         1    N/A

Dungeon Overview and Level Annotations

Branches:
Dungeon (7/15)
 Temple: D:4-7

Altars:
Xom
Zin

Annotations:
D:5 Edmund


Innate Abilities, Weirdness & Mutations

You do not eat or drink.
Your flesh is vulnerable to fire.
You are immune to poison.
Your flesh is cold resistant. (rC+)
You are immune to negative energy. (rN+++)
You are immune to unholy pain and torment.
You can survive without breathing.


Message History

There is a stone staircase leading down, spattered with blood here.
You see here a giant spiked club.
You climb downwards. 5 orcs, 2 orc warriors and 3 wights come into view.
A wight is wielding a scimitar of freezing.
The orc warrior shouts!
The orc shouts! x2; The orc warrior shouts!
The orc shouts! x2
The orc priest falls through a shaft!
The shaft crumbles and collapses.
The orc warrior barely misses you. The orc barely misses you.
The orc throws a tomahawk.
The tomahawk barely misses you.
Found a tomahawk and 14 gold pieces.
There is a stone staircase leading up here.
Unknown command.
Okay, then.
Unknown command.
Press: ? - help, v - describe, . - travel
Here: a wight, wielding a scimitar of freezing and wearing a robe The floor.
Unknown command.
Are you sure you want to abandon this character and quit the game? (Confirm with "yes".)

#$.## #....
#.z.# #...#
#...#
#§####.oz######
#......z.(....#
.o.o...@o......
#.o...o.......#
#.####.o.######
#...# #...#
#...# #...#
##.##


You could see 2 orc warriors, 3 wights and 5 orcs.

Vanquished Creatures
  An ogre (D:6)
  A hound (D:3)
  2 orc priests (D:6)
  An orc wizard (D:6)
  An adder (D:5)
  A shadow imp (D:5)
  A worm (D:2)
  A giant gecko (D:5)
  2 orcs
  2 giant cockroaches (D:6)
  5 goblins
  A hobgoblin (D:2)
  A jackal (D:3)
  A quokka (D:2)
  3 bats (D:2)
  2 rats
26 creatures vanquished.

Vanquished Creatures (collateral kills)
  A giant frog (D:6)
  An adder (D:6)
2 creatures vanquished.

Grand Total: 28 creatures vanquished

Notes
Turn   | Place    | Note
-------+----------+-------------------------------------------
     0 | D:1      | 4thArraOfDagon the Mummy Arcane Marksman began the quest for the Orb.
     0 | D:1      | Reached XP level 1. HP: 15/15 MP: 2/2
    92 | D:1      | You fall through a shaft!
   148 | D:2      | Reached skill level 2 in Crossbows
   164 | D:2      | Reached XP level 2. HP: 14/21 MP: 3/3
   308 | D:3      | Reached skill level 3 in Crossbows
   308 | D:3      | Reached XP level 3. HP: 16/26 MP: 4/4
   446 | D:5      | Entered Level 5 of the Dungeon
   519 | D:5      | Noticed Edmund
   565 | D:5      | Found a shimmering altar of Xom.
   569 | D:5      | Noticed an angel
   581 | D:5      | Found a glowing silver altar of Zin.
   593 | D:6      | Noticed a scorpion
   639 | D:5      | Reached XP level 4. HP: 19/32 MP: 5/5
   787 | D:6      | Noticed a giant frog
   793 | D:6      | Killed a giant frog
   800 | D:6      | Reached skill level 4 in Crossbows
   840 | D:7      | Noticed a vampire
   855 | D:6      | Reached XP level 5. HP: 22/37 MP: 6/6
   952 | D:6      | Noticed an ogre
   958 | D:6      | Killed an ogre
   958 | D:6      | Reached skill level 5 in Crossbows
   958 | D:6      | Reached XP level 6. HP: 20/43 MP: 7/7
   987 | D:7      | Noticed an orc warrior
   987 | D:7      | Noticed an orc warrior
   988 | D:7      | Quit the game

Vault maps used:
D:1:      lightli_arrival_isolated_outpost
D:2:      first_bread
D:3:      overflow_temple_1_default
D:4:      elyvilon_altar_4, nemelex_xobeh_ov_fountains_minmay,
          kennysheep_windowed_goal
D:5:      minmay_goblin_kobold_castle, grunt_temple_overflow_order_and_chaos_1,
          minitemple, minmay_misc_feat_more_columns, minivault_27, uniq_edmund
D:7:      nicolae_tso_carved_into_rock, kennysheep_little_box

Skill      XL: |  1  2  3  4  5 |
---------------+----------------+-----
Crossbows      | 2 3 4 5 |  5.3
Fighting       | |  1.0
Maces & Flails | |  0.1
Dodging        | |  1.5
Spellcasting   | |  1.0
Hexes          | |  2.6

Action                   |  1- 3 |  4- 6 || total
-------------------------+-------+-------++-------
Melee: Hand crossbow     |     3 |       ||     3
       Morningstar       |       |     5 ||     5
 Fire: Hand crossbow     |    71 |    21 ||    92
  Use: Scroll            |     2 |     2 ||     4
Armor: Ring mail         |     7 |     5 ||    12
Dodge: Dodged            |    28 |    17 ||    45
